 Dungeon Crawl Stone Soup version 0.29.1-13-g9f3cf754e1 (webtiles) character file.

Game seed: 3136091762672665597

12844 BeingJoeMalik the Spear-Bearer (level 11, -1/92 HPs)
             Began as a Naga Fighter on Feb 6, 2023.
             Was a Believer of Hepliaklqana.
             Slain by a two-headed ogre simulacrum (8 damage)
             ... in an ice cave.
             The game lasted 00:40:16 (14616 turns).

BeingJoeMalik the Spear-Bearer (Naga Fighter)      Turns: 14616, Time: 00:40:16

Health: -1/92      AC: 21    Str: 19    XL:     11   Next: 99%
Magic:  11/11      EV:  3    Int:  9    God:    Hepliaklqana [**....]
Gold:   552        SH: 12    Dex: 14    Spells: 10/10 levels left

rFire   + . .      SeeInvis +   a - +1 trident (freeze)
rCold   + + .      Faith    .   x - +1 kite shield
rNeg    . . .      Spirit   .   I - +3 chain mail {rC+}
rPois   +          Reflect  .   (helmet restricted)
rElec   .          Harm     .   b - +0 cloak
rCorr   .          Rampage  .   e - +0 pair of gloves
Will    +....                   S - +0 barding
Stlth   ..........              (no amulet)
HPRegen 0.25/turn               j - ring of protection from fire
MPRegen 0.12/turn               t - ring of protection from cold

@: very slow
A: reduced essence, AC +3, large, see invisible, deformed body, poison
resistance, slowness 2, spit poison 1, naga tail 1, antennae 1, iridescent
scales 1
a: Spit Poison, Renounce Religion, Recall Ancestor, Ancestor Identity


You were in an ice cave.
You worshipped Hepliaklqana.
Hepliaklqana was pleased with you.
You visited 2 branches of the dungeon, and saw 12 of its levels.
You also visited: Ossuary, Bailey and Ice Cave.

You collected 753 gold pieces.
You spent 201 gold pieces at shops.

Inventory:

Hand Weapons
 a - a +1 trident of freezing (weapon)
 y - a +5 halberd of protection
Missiles
 f - 25 poisoned darts
 O - 2 curare-tipped darts
Armour
 b - a +0 cloak (worn)
 c - a +0 troll leather armour
 e - a +0 pair of gloves (worn)
 x - a +1 kite shield (worn)
 B - +0 steam dragon scales
 F - a +2 ring mail of fire resistance
 I - a +3 chain mail of cold resistance (worn)
 S - a +0 barding (worn)
Jewellery
 j - a ring of protection from fire (left hand)
 t - a ring of protection from cold (right hand)
 G - a +6 ring of intelligence
 P - a ring of flight
Wands
 m - a wand of acid (2)
 C - a wand of flame (30)
 D - a wand of mindburst (10)
 E - a wand of polymorph (1)
 M - a wand of paralysis (10)
Scrolls
 i - 3 scrolls of silence
 k - 3 scrolls of fear
 n - 2 scrolls of poison
 o - a scroll of torment
 s - 3 scrolls of teleportation
 v - 3 scrolls of butterflies
 w - 2 scrolls of vulnerability
 H - 7 scrolls of enchant armour
 K - 5 scrolls of summoning
 L - 2 scrolls of magic mapping
 N - 6 scrolls of identify
Potions
 d - a potion of might
 g - 6 potions of resistance
 h - a potion of mutation
 l - 4 potions of curing
 p - 2 potions of cancellation
 q - 2 potions of berserk rage
 u - 3 potions of haste
 z - 2 potions of flight
 A - 4 potions of brilliance
 J - a potion of magic


   Skills:
 + Level 8.0 Fighting
 - Level 14.0 Polearms
 + Level 3.8 Armour
 + Level 2.0 Dodging
 + Level 3.9 Stealth
 - Level 8.7 Shields


You had 10 spell levels left.
You didn't know any spells.
Your spell library contained the following spells:

 Spells                   Type           Power      Damage    Failure   Level
 Necrotise                Necr           0%         1d4       100%        1
 Static Discharge         Conj/Air       0%         3-3/arc   100%        2
 Sublimation of Blood     Necr           0%         N/A       100%        2
 Wereblood                Tmut           0%         N/A       100%        2
 Tukima's Dance           Hex            0%         N/A       100%        3
 Vampiric Draining        Necr           0%         2d6       100%        3
 Anguish                  Hex/Necr       0%         N/A       100%        4
 Passage of Golubria      Tloc           0%         N/A       100%        4
 Agony                    Necr           0%         N/A       100%        5
 Fireball                 Conj/Fire      0%         3d3       100%        5
 Freezing Cloud           Conj/Ice/Air   0%         6-21      100%        5
 Lightning Bolt           Conj/Air       0%         1d11      100%        5
 Yara's Violent Unravell  Hex/Tmut       0%         3d3       100%        5
 Simulacrum               Ice/Necr       0%         N/A       100%        6
 Starburst                Conj/Fire      0%         6d3       100%        6
 Enfeeble                 Hex            0%         N/A       100%        7
 Summon Hydra             Summ           0%         N/A       100%        7
 Ignition                 Fire           0%         3d3       100%        8
 Maxwell's Capacitive Co  Air            0%         ∞         100%        8
 Polar Vortex             Ice            0%         N/A       100%        9


Dungeon Overview and Level Annotations

Branches:
Dungeon (11/15)            Temple (1/1) D:5            Lair (0/5) D:10
    Orc (0/2) D:10        Ossuary (visited)          Bailey (visited)
  IceCv (1/1)

Altars:
Ashenzari
Cheibriados
Dithmenos
Elyvilon
Fedhas
Gozag
Hepliaklqana
Kikubaaqudgha
Makhleb
Nemelex Xobeh
Okawaru
Qazlal
Ru
Sif Muna
Trog
Uskayaw
Vehumet
Wu Jian
Xom
Yredelemnul
Zin
The Shining One

Shops:
D:2 *


Innate Abilities, Weirdness & Mutations

Your life essence is reduced to manifest your ancestor. (-10% HP)
Your serpentine skin is tough. (AC +3)
You have supernaturally acute eyesight. (SInv)
Armour fits poorly on your strangely shaped body.
Your system is resistant to poisons. (rPois)
You cover ground very slowly.
You can spit poison.
You have a snake-like lower body.
You have a pair of small antennae on your head.
You are partially covered in iridescent scales. (AC +2)


Message History

The death yak simulacrum is almost destroyed.
The death yak simulacrum gores you. The death yak simulacrum freezes you!
You resist.
The two-headed ogre simulacrum hits you but does no damage.
The two-headed ogre simulacrum hits you.
The two-headed ogre simulacrum freezes you!
You resist.
* * * LOW HITPOINT WARNING * * *
You hit the death yak simulacrum.
The death yak simulacrum is almost destroyed.
Unknown command.
You hit the death yak simulacrum.
The death yak simulacrum is almost destroyed.
The death yak simulacrum gores you but does no damage.
Unknown command.
You hit the death yak simulacrum.
The death yak simulacrum vaporises!
You block the two-headed ogre simulacrum's attack.
The two-headed ogre simulacrum hits you but does no damage.
Unknown command.
Okay, then.
Unknown command.
Unknown command.
Unknown command.
You puncture the two-headed ogre simulacrum!
The two-headed ogre simulacrum is moderately damaged.
Unknown command.
You completely miss the two-headed ogre simulacrum.
The two-headed ogre simulacrum is moderately damaged.
Unknown command.
You hit the two-headed ogre simulacrum but do no damage.
The two-headed ogre simulacrum is moderately damaged.
You block the naga simulacrum's attack. x2
The two-headed ogre simulacrum hits you!
* * * LOW HITPOINT WARNING * * *
The two-headed ogre simulacrum freezes you!
You resist.
* * * LOW HITPOINT WARNING * * *
The two-headed ogre simulacrum hits you!
You die...

##..∩..##
#.......#
#...∩...#
##.....######
##...###...##
##...##○..#.#..
#...##.☼☼○.....
#..°###☼.○#
##@Z○#○.°.#
##Z☼§°.§##
##○§##☼#
##.☼##### #.Z##
#.Z# #....#
.........
............#


You could see a naga simulacrum and a two-headed ogre simulacrum.

Vanquished Creatures
  4 two-headed ogres
  Pikel (D:5)
  An orc knight (Bailey)
  An ugly thing (D:11)
  A gargoyle (D:9)
  Maggie (D:6)
  A komodo dragon (D:11)
  A troll (D:11)
  2 hornets
  A vampire (D:8)
  4 yaks (D:11)
  A wraith (D:11)
  3 steam dragons
  A death yak simulacrum (IceCv)
  An acid dragon (D:10)
  2 water moccasins
  11 orc warriors
  3 centaurs
  2 ogres (D:5)
  An ice beast (D:5)
  Blork the orc (D:4)
  2 kobold brigands
  3 elf zombies (Ossuary)
  A two-headed ogre simulacrum (IceCv)
  2 bullfrogs (D:5)
  2 scorpions (D:5)
  30 killer bees
  An electric eel (D:6)
  3 howler monkeys
  A centaur zombie (Ossuary)
  A human zombie (Ossuary)
  4 orc priests
  A hound (D:5)
  2 jellies
  A gnoll bouda (D:9)
  2 iguanas
  12 orc wizards
  A spriggan simulacrum (D:11)
  A wolf simulacrum (IceCv)
  2 polar bear simulacra (IceCv)
  2 troll simulacra (D:11)
  2 hound zombies (Ossuary)
  3 mummies (Ossuary)
  4 gnolls (D:9)
  11 adders
  A naga simulacrum (D:11)
  2 white imps
  6 adder zombies (Ossuary)
  2 worms
  3 dart slugs
  48 orcs
  8 ball pythons
  2 bats
  5 endoplasms
  5 giant cockroaches
  2 gnoll zombies (Ossuary)
  6 goblins
  9 hobgoblins
  8 jackals
  2 quokkas
  7 frilled lizards
  3 goblin zombies (Ossuary)
  4 hobgoblin zombies (Ossuary)
  3 jackal zombies (Ossuary)
  14 kobolds
  2 kobold zombies (Ossuary)
  2 orc zombies (Ossuary)
  3 quokka zombies (Ossuary)
  3 rats
  4 rat zombies (Ossuary)
292 creatures vanquished.

Vanquished Creatures (collateral kills)
  A kobold demonologist (D:11)
  A shadow (D:11)
  A wyvern (D:8)
  2 yaks (D:11)
  A bullfrog (D:8)
  A cane toad simulacrum (IceCv)
  2 killer bees
  2 orc wizards
  3 polar bear simulacra (IceCv)
  2 spriggan simulacra
  6 orcs
  2 kobolds (D:8)
24 creatures vanquished.

Vanquished Creatures (others)
  9 ancestors
  2 battlemagi
  9 plants (D:6)
20 creatures vanquished.

Grand Total: 336 creatures vanquished

Notes
Turn   | Place    | Note
-------+----------+-------------------------------------------
     0 | D:1      | BeingJoeMalik the Naga Fighter began the quest for the Orb.
     0 | D:1      | Reached XP level 1. HP: 21/21 MP: 1/1
   267 | D:1      | Reached XP level 2. HP: 26/28 MP: 2/2
   618 | D:1      | Found a faded altar of an unknown god.
   806 | D:2      | Reached skill level 3 in Polearms
  1038 | D:2      | Reached XP level 3. HP: 34/34 MP: 3/3
  1134 | D:2      | Found Aboovagux's Assorted Antiques.
  1139 | D:2      | Bought a fuming puce potion for 27 gold pieces
  1139 | D:2      | Bought a fuming emerald potion for 27 gold pieces
  1234 | D:2      | Reached skill level 4 in Polearms
  1234 | D:2      | Reached skill level 1 in Stealth
  1394 | D:2      | Reached XP level 4. HP: 24/42 MP: 4/4
  2250 | D:3      | Found a bloodstained altar of Trog.
  2766 | D:4      | Reached XP level 5. HP: 49/49 MP: 5/5
  2772 | D:4      | Found a broken altar of Ashenzari.
  2887 | D:2      | Bought a fuming puce potion for 27 gold pieces
  2887 | D:2      | Bought a sapphire potion for 27 gold pieces
  3011 | D:4      | Reached skill level 5 in Polearms
  3311 | D:4      | Found a basalt altar of Yredelemnul.
  3431 | D:4      | Noticed Blork the orc
  3985 | D:4      | Killed Blork the orc
  3986 | D:4      | Reached skill level 6 in Polearms
  3986 | D:4      | Reached XP level 6. HP: 39/56 MP: 6/6
  4258 | D:4      | Found a glowing golden altar of the Shining One.
  4405 | D:4      | Noticed an angel
  4429 | D:5      | Entered Level 5 of the Dungeon
  4441 | D:5      | Noticed an ice beast
  4464 | D:5      | Killed an ice beast
  4515 | D:5      | Reached skill level 7 in Polearms
  4515 | D:5      | Reached XP level 7. HP: 38/62 MP: 7/7
  4581 | D:5      | Found a sand-covered staircase.
  4642 | Ossuary  | Entered an ossuary
  4876 | Ossuary  | Reached skill level 8 in Polearms
  5059 | Ossuary  | Reached XP level 8. HP: 58/69 MP: 8/8
  5467 | D:5      | Found a staircase to the Ecumenical Temple.
  5482 | Temple   | Entered the Ecumenical Temple
  5493 | Temple   | Became a worshipper of Hepliaklqana the Forgotten
  5636 | D:5      | Reached skill level 9 in Polearms
  5664 | D:5      | Noticed Pikel
  5690 | D:5      | Killed Pikel
  5691 | D:5      | Reached skill level 10 in Polearms
  5992 | D:5      | Reached XP level 9. HP: 75/75 MP: 9/9
  6381 | D:2      | Bought a scroll labelled XUGHETHRI ARRU for 31 gold pieces
  6381 | D:2      | Bought a scroll labelled ERPHAJ OPPAU for 31 gold pieces
  6381 | D:2      | Bought a scroll labelled CUMUN DODUYLOSILA for 31 gold
                  | pieces
  6920 | D:6      | Reached skill level 5 in Shields
  6934 | D:6      | Gained mutation: You have a pair of small antennae on your
                  | head. [potion of mutation]
  6934 | D:6      | Gained mutation: You are partially covered in iridescent
                  | scales. (AC +2) [potion of mutation]
  7250 | D:6      | Reached skill level 11 in Polearms
  7358 | D:6      | Found an iron altar of Okawaru.
  7479 | D:6      | Found a stormy altar of Qazlal.
  7479 | D:6      | Found a burning altar of Makhleb.
  7479 | D:6      | Found a shadowy altar of Dithmenos.
  7668 | D:6      | Noticed Maggie
  7684 | D:6      | Killed Maggie
  7882 | D:7      | Found a flagged portal.
  7894 | Bailey   | Entered a bailey
  9028 | Bailey   | Noticed an orc knight
  9067 | Bailey   | Killed an orc knight
  9068 | Bailey   | Reached skill level 12 in Polearms
  9068 | Bailey   | Reached XP level 10. HP: 50/85 MP: 10/10
  9398 | D:7      | Reached * piety under Hepliaklqana
  9532 | D:7      | You fall into a shaft and drop 2 floors!
  9537 | D:9      | Noticed a two-headed ogre
  9544 | D:9      | Killed a two-headed ogre
 10053 | D:7      | Reached skill level 5 in Fighting
 10053 | D:7      | Reached skill level 13 in Polearms
 11720 | D:9      | Reached XP level 11. HP: 41/87 MP: 11/11
 12017 | D:9      | Noticed a two-headed ogre
 12026 | D:9      | Killed a two-headed ogre
 12409 | D:9      | Noticed a two-headed ogre
 12415 | D:9      | Killed a two-headed ogre
 12917 | D:10     | Entered Level 10 of the Dungeon
 12917 | D:10     | Found a staircase to the Orcish Mines.
 13070 | D:10     | Found an ancient bone altar of Kikubaaqudgha.
 13095 | D:10     | Noticed a two-headed ogre
 13254 | D:10     | Killed a two-headed ogre
 13376 | D:10     | Reached skill level 14 in Polearms
 13400 | D:10     | Reached ** piety under Hepliaklqana
 13402 | D:10     | Remembered your ancestor Gaius as a battlemage
 13527 | D:10     | Found a staircase to the Lair.
 13837 | D:11     | Noticed a brown ugly thing
 13853 | D:11     | Killed a brown ugly thing
 13892 | D:11     | Reached skill level 1 in Dodging
 14127 | D:11     | Identified the +5 hand axe "Demonslayer" {vorpal, Str+2}
 14276 | D:11     | Found a frozen archway.
 14296 | IceCv    | Entered an ice cave
 14616 | IceCv    | Slain by a two-headed ogre simulacrum

Illustrated notes

Levels and vault maps discovered:
D:1:      nzn_arrival_water_spiral, layout_loops_ring,
          shapermc_ecumenical_altar_mp_vishouse
D:2:      layout_loops_ring, serial_shops, nicolae_shop_hallway_plus,
          minmay_octomino_j4
D:3:      layout_loops_corners, mainiacjoe_overflow_alcove_4
D:4:      layout_basic, grunt_temple_overflow_holy_war, ashenzari_altar_1,
          uniq_blork_the_orc
D:5:      layout_loops_ring, minmay_temple_entry_waves, enter_ossuary_1,
          minmay_misc_feat_iff, uniq_pikel
D:6:      layout_basic, lemuel_tele_altar, gammafunk_temple_overflow_claw,
          nrook_pool_corridor, minmay_lizard_king, uniq_maggie
D:7:      layout_basic, enter_bailey_3
D:8:      layout_rooms, nzn_life_drinkers
D:9:      layout_long_grid
D:10:     layout_roguey, nicolae_kikubaaqudgha_miasma_corner, lair_entry_dummy
D:11:     layout_rooms, portal_ice_cave_entry_ice_simulacra, serial_curves,
          eino_curves_03, eino_curves_02
Temple:   nicolae_temple_god_jail
IceCv:    ice_cave_small_necro

Skill      XL: |  1  2  3  4  5  6  7  8  9 10 11 |
---------------+----------------------------------+-----
Polearms       | 3 4 6 7 8 10 12 13 14 | 14.0
Stealth        | 1 2 3 |  3.9
Shields        | 3 4 6 7 8 |  8.7
Fighting       | 4 5 8 |  8.0
Dodging        | 2 |  2.0
Armour         | 3 |  3.8

Action                   |  1- 3 |  4- 6 |  7- 9 | 10-12 || total
-------------------------+-------+-------+-------+-------++-------
Melee: Trident           |    77 |   180 |   517 |   569 ||  1343
Throw: Dart              |       |       |       |     2 ||     2
Invok: Recall Ancestor   |       |       |       |     2 ||     2
       Ancestor Life: Ba |       |       |       |     1 ||     1
 Abil: Spit Poison       |     9 |    21 |    21 |    29 ||    80
Evoke: Wand              |       |     4 |     3 |     2 ||     9
  Use: Potion            |       |       |    13 |     4 ||    17
       Scroll            |       |       |    18 |     3 ||    21
 Stab: Sleeping          |       |       |     1 |     3 ||     4
       Distracted        |       |       |       |     4 ||     4
Armor: Scale mail        |    21 |    53 |       |       ||    74
       Ring mail         |       |     6 |   135 |   150 ||   291
       Chain mail        |       |       |       |    25 ||    25
Dodge: Dodged            |    17 |    49 |   102 |   128 ||   296
Block: Buckler           |    10 |    27 |       |       ||    37
       Kite shield       |       |    13 |   160 |   291 ||   464
